 Dungeon Crawl Stone Soup version 0.27-a0-216-g1fbed8a51c (webtiles) character file.

Game seed: 17240757632725999993

266080 HoaS the Sharpshooter (level 21, -11/177 HPs)
             Began as a Formicid Fighter on Jan 30, 2021.
             Was the Champion of Makhleb.
             Killed by the raging water
             ... invoked by a water nymph
              (22 damage)
             ... on level 4 of the Shoals on Jan 31, 2021.
             The game lasted 02:10:38 (45517 turns).

HoaS the Sharpshooter (Formicid Fighter)           Turns: 45517, Time: 02:10:39

Health: -11/177    AC: 38    Str: 33    XL:     21   Next: 36%
Magic:  18/18      EV: 18    Int:  7    God:    Makhleb [******]
Gold:   252        SH: 28    Dex: 16    Spells: 20/20 levels left

rFire    + . .     SeeInvis +   w - +1 quarterstaff (elec)
rCold    . . .     Faith    .   d - +1 tower shield
rNeg     . . .     Spirit   .   N - +5 crystal plate armour "Nifed" {rF+}
rPois    +         Reflect  +   (helmet unavailable)
rElec    +         Harm     .   m - +2 cloak
rCorr    .         Rampage  .   D - +2 pair of gloves (curse)
Will     ++...                  L - +2 pair of boots
Stlth    ..........             v - amulet of reflection
HPRegen  0.79/turn              B - ring of Qefohopo {rElec rPois Str+10 Int-3 Slay+4}
MPRegen  0.16/turn              I - +4 ring of evasion

@: lethally poisoned (-11 -> -11), afraid, mesmerised, very slow
A: permanent stasis, dig shafts and tunnels, four strong arms, antennae 3, low
mp 1, poison resistance, regeneration 1, no potion heal 1
}: 1/15 runes: serpentine
a: Dig, Shaft Self, Renounce Religion, Minor Destruction, Lesser Servant of
Makhleb, Major Destruction, Greater Servant of Makhleb


You were on level 4 of the Shoals.
You worshipped Makhleb.
Makhleb was exalted by your worship.
You visited 7 branches of the dungeon, and saw 34 of its levels.
You visited the Abyss 1 time.
You also visited: Trove, Sewer, Bailey, Gauntlet and Ice Cave.

You collected 3810 gold pieces.
You spent 3558 gold pieces at shops.

Inventory:

Hand Weapons
 q - a +1 arbalest of freezing
 w - a +1 quarterstaff of electrocution (weapon)
Missiles
 l - 301 bolts
Armour
 d - a +1 tower shield (worn)
 m - a +2 cloak (worn)
 D - a cursed +2 pair of gloves (worn)
 L - a +2 pair of boots (worn)
 N - the +5 crystal plate armour "Nifed" (worn) {rF+}
   (You acquired it on level 3 of the Snake Pit)

   It protects you from fire.
Jewellery
 s - a +6 ring of dexterity
 v - an amulet of reflection (around neck)
 y - an uncursed ring of resist corrosion
 B - the ring of Qefohopo (left hand) {rElec rPois Str+10 Int-3 Slay+4}
   (You bought it in a shop on level 1 of the Elven Halls)

   [ring of slaying]

   It affects your strength (+10).
   It affects your intelligence (-3).
   It affects your accuracy and damage with ranged weapons and melee attacks
   (+4).
   It insulates you from electricity.
   It protects you from poison.
 E - an uncursed ring of positive energy
 H - a +6 ring of dexterity
 I - a +4 ring of evasion (right hand)
Wands
 a - a wand of polymorph (48)
 j - a wand of iceblast (38)
 n - a wand of acid (8) (quivered)
 o - a wand of charming (24)
 x - a wand of random effects (26)
 z - a wand of paralysis (42)
 C - a wand of digging (22)
 G - a wand of flame (33)
 J - a wand of mindburst (21)
Scrolls
 g - 22 scrolls of remove curse
 i - 7 scrolls of magic mapping
 k - a scroll of brand weapon
 r - 4 scrolls of fog
 t - 3 scrolls of enchant weapon
 K - 10 scrolls of identify
 M - a scroll of summoning
 O - a scroll of holy word
 P - 3 scrolls of fear
 Q - a scroll of silence
Potions
 b - 6 potions of lignification
 c - 2 potions of mutation
 e - 2 potions of ambrosia
 f - 8 potions of curing
 h - a potion of resistance
 p - 4 potions of attraction
 u - 4 potions of heal wounds
 A - 4 potions of flight
 F - 3 potions of might
 R - a potion of cancellation


   Skills:
 - Level 18.0 Fighting
 - Level 14.0 Staves
 - Level 18.0 Crossbows
 + Level 14.2 Armour
 + Level 13.0 Dodging
 - Level 15.0 Shields


You had 20 spell levels left.
You didn't know any spells.
Your spell library contained the following spells:

 Spells                   Type           Power        Failure   Level
 Apportation              Tloc           0%           99%         1
 Corona                   Hex            0%           99%         1
 Foxfire                  Conj/Fire      0%           99%         1
 Magic Dart               Conj           0%           99%         1
 Sting                    Tmut/Pois      0%           99%         1
 Call Imp                 Summ           0%           100%        2
 Ensorcelled Hibernation  Hex/Ice        0%           100%        2
 Passwall                 Tmut/Erth      0%           100%        2
 Poisonous Vapours        Pois/Air       0%           100%        2
 Slow                     Hex            0%           100%        2
 Sublimation of Blood     Necr           0%           100%        2
 Confusing Touch          Hex            0%           100%        3
 Conjure Flame            Conj/Fire      0%           100%        3
 Dazzling Flash           Conj/Hex       0%           100%        3
 Ignite Poison            Fire/Tmut/Pois 0%           100%        3
 Inner Flame              Hex/Fire       0%           100%        3
 Mephitic Cloud           Conj/Pois/Air  0%           100%        3
 Portal Projectile        Hex/Tloc       0%           100%        3
 Tukima's Dance           Hex            0%           100%        3
 Cause Fear               Hex            0%           100%        4
 Dispel Undead            Necr           0%           100%        4
 Iskenderun's Mystic Bla  Conj/Tloc      0%           100%        4
 Olgreb's Toxic Radiance  Pois           0%           100%        4
 Passage of Golubria      Tloc           N/A          100%        4
 Petrify                  Tmut/Erth      0%           100%        4
 Sticky Flame             Conj/Fire      0%           100%        4
 Summon Ice Beast         Ice/Summ       0%           100%        4
 Summon Lightning Spire   Summ/Air       0%           100%        4
 Alistair's Intoxication  Tmut/Pois      0%           100%        5
 Bolt of Magma            Conj/Fire/Erth 0%           100%        5
 Excruciating Wounds      Necr           0%           100%        5
 Fireball                 Conj/Fire      0%           100%        5
 Irradiate                Conj/Tmut      0%           100%        5
 Iskenderun's Battlesphe  Conj           0%           100%        5
 Lee's Rapid Deconstruct  Erth           0%           100%        5
 Silence                  Hex/Air        0%           100%        5
 Summon Forest            Summ/Tloc      0%           100%        5
 Summon Mana Viper        Hex/Summ       0%           100%        5
 Yara's Violent Unravell  Hex/Tmut       0%           100%        5
 Eringya's Noxious Bog    Tmut/Pois      0%           100%        6
 Freezing Cloud           Conj/Ice/Air   0%           100%        6
 Invisibility             Hex            0%           100%        6
 Iron Shot                Conj/Erth      0%           100%        6
 Dragon Form              Tmut           0%           100%        7
 Orb of Destruction       Conj           0%           100%        7
 Spellforged Servitor     Conj/Summ      0%           100%        7
 Discord                  Hex            0%           100%        8
 Dragon's Call            Summ           0%           100%        9
 Blink                    Tloc           Unusable     N/A         2
 Swiftness                Air            Unusable     N/A         2

Dungeon Overview and Level Annotations

Branches:
Dungeon (15/15)            Temple (1/1) D:6            Lair (6/6) D:9
 Shoals (4/4) Lair:2        Snake (4/4) Lair:4        Slime (0/5) Lair:6
    Orc (2/2) D:11            Elf (2/3) Orc:2        Vaults (0/5) D:13
 Depths (0/5) D:15          Sewer (visited)          Bailey (visited)
  IceCv (visited)         Gauntlet (visited)

Altars:
Ashenzari
Cheibriados
Dithmenos
Elyvilon
Fedhas
Gozag
Hepliaklqana
Kikubaaqudgha
Makhleb
Nemelex Xobeh
Okawaru
Qazlal
Ru
Sif Muna
Trog
Uskayaw
Vehumet
Wu Jian
Xom
Yredelemnul
Zin
The Shining One
Beogh
Lugonu

Shops:
D:8 =   D:10 :   D:11 :   Orc:2 ([*=   Elf:1 =}=   Snake:1 (?[   Snake:2 :
Snake:3 *?*!

Annotations:
Lair:6 2 transporters, exclusion: 4 oklob plants, PeterLawrence's ghost, journeyman MiFi
Orc:1 2 transporters


Innate Abilities, Weirdness & Mutations

You cannot be hasted, slowed, berserked, paralysed or teleported.
You can dig through walls and to a lower floor.
Your four strong arms can wield two-handed weapons with a shield.
You have a pair of large antennae on your head. (SInv)
Your magical capacity is low. (-10% MP)
Your system is resistant to poisons. (rPois)
Your natural rate of healing is unusually fast.
Potions are less effective at restoring your health.


Message History

The merfolk aquamancer hits you with a +1 rapier of venom.
* * * LOW HITPOINT WARNING * * *
You block the merfolk impaler's attack.
The water nymph points at you and mumbles some strange words.
The water swirls and strikes you. The merfolk impaler misses you.
You sock the merfolk avatar!
The merfolk avatar is moderately wounded.
You block the merfolk impaler's attack.
The satyr shoots an arrow.
The arrow hits you!
* * * LOW HITPOINT WARNING * * *
You block the merfolk impaler's attack.
The merfolk aquamancer gestures at you while chanting.
The torrent of water reflects off an invisible shield around you!
The torrent of water hits the merfolk aquamancer!!
The merfolk aquamancer is knocked back by the torrent of water.
The wave splashes down.
You feel sick.
The water nymph points at you and mumbles some strange words.
The water swirls and strikes you!!
You die...

≈≈≈≈≈≈.#..)†.#...≈≈P≈P#.....#..≈≈
≈≈≈≈≈≈≈#..|..#....≈≈≈.'m≈φ§.#≈≈≈≈
≈≈≈≈≈≈≈#.....#....≈≈≈.#m { #.≈≈≈
≈≈≈≈≈≈≈##...##...≈≈≈≈≈## ##.≈≈≈
≈≈≈≈≈≈≈≈#####....≈≈≈≈≈≈#####††≈≈≈
≈≈≈≈≈≈≈≈≈≈≈≈≈≈..≈≈≈≈≈≈≈≈≈≈≈.≈≈≈≈≈
≈≈≈≈≈≈≈≈≈≈≈≈≈≈≈≈≈≈≈≈≈≈≈P≈≈≈≈≈≈≈≈≈
≈≈≈≈≈≈≈≈≈≈≈≈≈≈m≈≈≈≈≈≈P≈≈≈≈≈≈≈≈≈≈≈
≈≈≈≈≈≈≈≈≈≈≈)≈m≈≈@m≈≈≈≈≈≈≈≈≈≈≈≈≈≈≈
≈≈≈≈≈≈≈≈≈≈≈≈≈mc≈≈≈≈≈≈≈≈≈≈≈≈≈≈≈≈≈≈
≈≈≈≈≈≈≈.≈≈≈)≈≈m≈≈≈≈P≈≈P≈≈≈≈≈≈≈≈≈≈
.≈≈≈≈≈≈≈≈≈≈≈≈≈≈≈≈≈≈≈≈≈≈≈≈≈≈≈≈≈≈≈≈
.≈≈≈..≈≈≈≈≈≈≈≈≈≈≈≈≈≈≈P≈≈≈≈≈≈≈≈≈≈≈
≈....<≈≈≈≈≈≈......≈≈P≈P≈≈≈≈≈≈≈≈≈≈
....#.≈.≈≈≈≈.......≈≈≈≈≈≈≈≈
##..#....≈≈.......≈≈≈≈≈≈≈≈≈
#)..#....≈≈..#####≈≈≈≈≈≈≈≈≈


You could see a merfolk avatar (mesmerising), 2 merfolk impalers, a satyr
(scary), a merfolk aquamancer and a water nymph.

Vanquished Creatures
  A lich (Abyss:2)
  A deep elf blademaster (Elf:2)
  A kraken (Shoals:4)
  Gastronok (Lair:3)
  5 nagarajas
  Louise (D:15)
  2 deep elf sorcerers
  2 orc warlords (Orc:1)
  An emperor scorpion (D:15)
  A very ugly thing (Abyss:2)
  A dire elephant (D:15)
  Nessos (Lair:6)
  Azrael (D:13)
  A minotaur (Gauntlet)
  2 deep elf death magi (Elf:1)
  7 merfolk impalers
  4 merfolk javelineers
  A green death (Gauntlet)
  Josephine (D:15)
  Erolcha (D:10)
  17 naga warriors
  2 boulder beetles
  6 hydras
  6 alligator snapping turtles
  A catoblepas (Lair:6)
  5 merfolk avatars
  6 centaur warriors
  Erica (D:10)
  An anaconda (shapeshifter) (D:14)
  A merfolk aquamancer (Shoals:4)
  26 dancing weapons
  10 anacondas
  2 death knights
  3 satyrs
  3 two-headed ogres
  4 orc high priests
  2 thrashing horrors (Abyss:2)
  2 vampire magi (Abyss:2)
  The ghost of SamuraiZach the Ruffian, a novice TrDe of Cheibriados (D:8)
  4 shock serpents
  3 tengu warriors
  16 naga sharpshooters
  10 deep elf knights
  2 wretched stars (Abyss:2)
  6 salamander mystics
  A fire crab (shapeshifter) (D:14)
  A sixfirhy (Abyss:2)
  A shadow wraith (Abyss:2)
  2 skeletal warriors
  6 sea snakes
  A shadow demon (Abyss:2)
  8 naga ritualists
  3 unseen horrors
  3 starcursed masses (Abyss:2)
  A phantasmal warrior (D:15)
  A death drake (Abyss:2)
  8 deep elf archers
  8 orc knights
  25 deep elf zephyrmancers
  19 harpies
  24 deep elf pyromancers
  A wizard (D:13)
  A necromancer (Gauntlet)
  An oklob plant (Lair:5)
  7 ugly things
  4 cyclopes
  12 mana vipers
  8 manticores
  A worldbinder (Abyss:2)
  17 fauns
  7 salamanders
  7 orc sorcerers
  10 elephants
  38 black mambas
  4 merfolk sirens
  A dire elephant zombie (Abyss:2)
  2 orange demons (Gauntlet)
  Joseph (D:8)
  7 guardian serpents
  19 naga magi
  21 cane toads
  A smoke demon (Abyss:2)
  2 gargoyles
  3 water nymphs
  2 rime drakes
  A kobold demonologist (D:13)
  2 efreet
  9 komodo dragons
  3 freezing wraiths
  2 tengu conjurers (D:14)
  A demonic crawler (Abyss:2)
  A redback zombie (D:14)
  An ancient zyme (Abyss:2)
  A troll (shapeshifter) (Elf:1)
  24 merfolk
  A polar bear (shapeshifter) (D:15)
  5 trolls
  4 tyrant leeches (Lair:6)
  34 blink frogs
  4 wind drakes
  2 raiju (Abyss:2)
  17 dream sheep
  7 polar bears
  5 slime creatures (D:12)
  6 snapping turtles
  2 shadows (D:13)
  10 water elementals
  An air elemental (Elf:2)
  4 flying skulls (Gauntlet)
  3 vampires
  7 wraiths
  4 wyverns
  74 yaks
  9 basilisks
  5 fire elementals
  Grum (D:10)
  2 neqoxecs (Abyss:2)
  11 vampire mosquitoes
  A golden eye (shapeshifter) (Elf:1)
  69 nagas
  6 wargs
  A hell hound (D:13)
  5 soldier ants
  5 large abominations (Abyss:2)
  19 water moccasins
  2 sky beasts
  4 ice beasts
  A phantom (D:6)
  47 orc warriors
  A necrophage (D:15)
  11 ogres
  27 wolves
  25 centaurs
  38 bullfrogs
  2 big kobolds
  5 small abominations (Abyss:2)
  A gnoll sergeant (D:12)
  2 earth elementals
  A wyvern skeleton (D:14)
  3 scorpions
  10 killer bees
  13 wights
  3 howler monkeys (D:8)
  A vampire bat (Orc:1)
  2 electric eels
  2 bullfrog zombies
  2 quasits
  A bullfrog skeleton (D:6)
  Crazy Yiuf (D:2)
  6 hounds
  2 jellies
  7 centaur skeletons
  4 centaur zombies
  28 orc priests
  5 iguanas
  Jessica (D:3)
  34 orc wizards
  Natasha (thrice) (D:2)
  A gnoll shaman (D:6)
  15 worker ants
  A killer bee zombie (D:10)
  A hound zombie (D:11)
  3 hound skeletons
  17 gnolls
  2 worker ant zombies
  10 adders
  6 river rats
  2 white imps
  2 ufetubi
  3 oozes (Sewer)
  An adder skeleton (D:4)
  2 worms
  3 dart slugs
  A leopard gecko (D:9)
  126 orcs
  5 ball pythons
  12 bats
  6 giant cockroaches
  10 goblins
  7 hobgoblins
  7 jackals
  21 kobolds
  2 quokkas
  2 frilled lizards (D:2)
  A jackal zombie (D:5)
  A quokka skeleton (D:10)
  15 rats
  A tentacle (Shoals:4)
1415 creatures vanquished.

Vanquished Creatures (others)
  Ilsuiw (Shoals:2)
  A deep elf knight (Elf:1)
  2 deep elf archers (Elf:2)
  A deep elf zephyrmancer (Elf:1)
  3 manticores
  A water elemental (Elf:1)
  A killer bee (D:12)
  An orc priest (Orc:1)
  An orc wizard (Orc:2)
  An orc (Orc:2)
  A kobold (D:13)
  A bush (Lair:6)
  22 demonic plants (Gauntlet)
  41 fungi
  168 plants
  5 tentacles (Shoals:4)
  4 toadstools (D:10)
  14 withered plants (Gauntlet)
269 creatures vanquished.

Grand Total: 1684 creatures vanquished

Notes
Turn   | Place    | Note
-------+----------+-------------------------------------------
     0 | D:1      | HoaS the Formicid Fighter began the quest for the Orb.
     0 | D:1      | Reached XP level 1. HP: 18/18 MP: 1/1
   190 | D:1      | Reached XP level 2. HP: 23/24 MP: 2/2
   559 | D:1      | Reached XP level 3. HP: 29/29 MP: 3/3
   843 | D:2      | Noticed Natasha
   851 | D:2      | Killed Natasha
   852 | D:2      | Reached XP level 4. HP: 17/35 MP: 4/4
  1162 | D:2      | Reached XP level 5. HP: 26/41 MP: 5/5
  1166 | D:2      | Found an iron altar of Okawaru.
  1216 | D:2      | Noticed Natasha
  1227 | D:2      | Killed Natasha
  1480 | D:2      | Noticed Natasha
  1492 | D:2      | Killed Natasha
  1493 | D:2      | Reached skill level 5 in Shields
  1801 | D:2      | Found a runed translucent door.
  1802 | D:2      | Noticed Crazy Yiuf
  1811 | D:2      | Killed Crazy Yiuf
  1902 | D:3      | Noticed Jessica
  1906 | D:3      | Killed Jessica
  1907 | D:3      | Reached XP level 6. HP: 37/47 MP: 6/6
  2061 | D:3      | Reached skill level 5 in Staves
  2352 | D:3      | Found a stormy altar of Qazlal.
  2352 | D:3      | Found an ancient bone altar of Kikubaaqudgha.
  2360 | D:3      | Found a blossoming altar of Fedhas.
  2362 | D:3      | Found a white marble altar of Elyvilon.
  2363 | D:3      | Found a glowing golden altar of the Shining One.
  2813 | D:4      | Reached XP level 7. HP: 48/52 MP: 7/7
  3297 | D:4      | Found a snail-covered altar of Cheibriados.
  3378 | D:4      | Found a bloodstained altar of Trog.
  3660 | D:5      | Entered Level 5 of the Dungeon
  3703 | D:5      | Found a shadowy altar of Dithmenos.
  4063 | D:5      | Reached XP level 8. HP: 58/58 MP: 8/8
  4096 | D:5      | Found a glowing drain.
  4104 | Sewer    | Entered a sewer
  4481 | D:5      | Found a shadowy altar of Dithmenos.
  4564 | D:6      | Found a staircase to the Ecumenical Temple.
  4582 | Temple   | Entered the Ecumenical Temple
  4635 | Temple   | Became a worshipper of Makhleb the Destroyer
  4909 | D:6      | Found the +9 staff of Olgreb {rPois∞}
  5018 | D:6      | Found a runed translucent door.
  5018 | D:6      | Found a runed translucent gate.
  5021 | D:6      | Found a runed translucent gate.
  5031 | D:6      | Found a runed translucent gate.
  5129 | D:6      | Found a runed translucent door.
  5194 | D:6      | Found an ornate altar of the Wu Jian Council.
  5418 | D:7      | Reached XP level 9. HP: 64/64 MP: 9/9
  5423 | D:7      | Reached * piety under Makhleb
  5437 | D:7      | Found a basalt altar of Yredelemnul.
  6012 | D:7      | Found a shimmering altar of Xom.
  6012 | D:7      | Found a glowing silver altar of Zin.
  6013 | D:7      | Noticed an angel
  6197 | D:7      | Noticed a boulder beetle
  6218 | D:7      | You fall into a shaft and drop 2 floors!
  6239 | D:8      | Reached skill level 10 in Staves
  6925 | D:6      | Reached XP level 10. HP: 16/70 MP: 10/10
  7253 | D:5      | Reached ** piety under Makhleb
  7841 | D:8      | Noticed Joseph
  7861 | D:8      | HP: 2/70 [Joseph/cursed +0 quarterstaff (16)]
  7862 | D:8      | Killed Joseph
  8288 | D:8      | Found a transporter.
  8289 | D:8      | Noticed SamuraiZach's ghost (novice TrDe)
  8292 | D:8      | Identified the +10 dire flail of Linearity {flame, Will+
                  | MP+9 Dex+3}
  8292 | D:8      | Noticed a two-headed ogre
  8320 | D:8      | Found a transporter.
  8358 | D:8      | Found Pexzi's Jewellery Boutique.
  8366 | D:8      | Bought an uncursed amulet of reflection for 390 gold pieces
  8912 | D:9      | Reached XP level 11. HP: 75/75 MP: 11/11
  8937 | D:9      | Reached *** piety under Makhleb
  8995 | D:9      | Found an opulent altar of Gozag.
  9284 | D:9      | Found a staircase to the Lair.
  9490 | D:10     | Entered Level 10 of the Dungeon
  9508 | D:10     | Reached skill level 1 in Dodging
  9543 | D:10     | Noticed Grum
  9583 | D:10     | Killed Grum
  9736 | D:10     | Noticed Erica
  9754 | D:10     | Killed Erica
  9755 | D:10     | Reached skill level 5 in Fighting
  9997 | D:10     | Noticed Erolcha
 10007 | D:10     | Killed Erolcha
 10071 | D:10     | Noticed an unseen horror
 10089 | D:10     | Killed an unseen horror
 10090 | D:10     | Reached skill level 5 in Armour
 10308 | D:10     | Found Tanaluge's Book Emporium.
 10532 | Lair:1   | Entered Level 1 of the Lair of Beasts
 10590 | Lair:1   | Found a frozen archway.
 10597 | Lair:1   | Reached **** piety under Makhleb
 10601 | IceCv    | Entered an ice cave
 11075 | Lair:1   | Reached XP level 12. HP: 61/92 MP: 12/12
 12315 | Lair:2   | Identified Wogycyun's Guide on the Igneous Compass
 12459 | Lair:2   | Reached skill level 5 in Dodging
 12507 | Lair:2   | Identified the +7 whip of the Ageless Planets {venom, rF+
                  | MP+9 Int+4}
 12521 | Lair:2   | Reached ***** piety under Makhleb
 12570 | Lair:2   | Reached skill level 10 in Fighting
 12606 | Lair:2   | Found a staircase to the Shoals.
 12747 | Lair:2   | Noticed a five-headed hydra
 12761 | Lair:2   | Killed a five-headed hydra
 13084 | Lair:2   | Reached XP level 13. HP: 104/104 MP: 13/13
 13443 | Lair:3   | Found a gate leading to a gauntlet.
 13461 | Gauntlet | Entered a Gauntlet
 13461 | Gauntlet | Found a transporter.
 13461 | Gauntlet | Found a transporter.
 13665 | Gauntlet | Found a transporter.
 13665 | Gauntlet | Found a transporter.
 13673 | Gauntlet | Found a transporter.
 13692 | Gauntlet | Found a transporter.
 13698 | Gauntlet | Found a large runed translucent door.
 13699 | Gauntlet | Found a large runed translucent door.
 13700 | Gauntlet | Noticed a green death
 13701 | Gauntlet | Found a runed translucent gate.
 13702 | Gauntlet | Found a transporter.
 13702 | Gauntlet | Found a transporter.
 13705 | Gauntlet | Found a transporter.
 13709 | Gauntlet | Found a runed translucent gate.
 13709 | Gauntlet | Found a runed translucent gate.
 13711 | Gauntlet | Found a large runed translucent door.
 13712 | Gauntlet | Found a large runed translucent door.
 13724 | Gauntlet | Found a large runed translucent door.
 13724 | Gauntlet | Found a large runed translucent door.
 13725 | Gauntlet | Found a large runed translucent door.
 13725 | Gauntlet | Found a large runed translucent door.
 13732 | Gauntlet | Found a transporter.
 13735 | Gauntlet | Found a large runed translucent door.
 13735 | Gauntlet | Found a large runed translucent door.
 13735 | Gauntlet | Found a runed translucent door.
 13735 | Gauntlet | Found a runed translucent door.
 13736 | Gauntlet | Found a large runed translucent door.
 13737 | Gauntlet | Found a large runed translucent door.
 13739 | Gauntlet | Found a transporter.
 13759 | Gauntlet | Found a transporter.
 13792 | Gauntlet | Found a transporter.
 13810 | Gauntlet | Found a transporter.
 13824 | Gauntlet | Found a large runed translucent door.
 13824 | Gauntlet | Found a large runed translucent door.
 13825 | Gauntlet | Found a large runed translucent door.
 13826 | Gauntlet | Found a large runed translucent door.
 13911 | Gauntlet | Found a transporter.
 13925 | Gauntlet | Found a transporter.
 14121 | Gauntlet | Got a brightly glowing pewter ring
 14122 | Gauntlet | Identified the ring "Ryshrilel" {*Slow rC+++ rN+++ Str+6
                  | Int-5} (You found it in a Gauntlet)
 14327 | Gauntlet | Killed a green death
 14592 | Gauntlet | Noticed a minotaur
 14607 | Gauntlet | Killed a minotaur
 14616 | Gauntlet | Identified the Grimoire of Creative Contamination
 14800 | Lair:3   | Noticed Gastronok
 14855 | Lair:3   | Killed Gastronok
 15918 | Lair:4   | Found a staircase to the Snake Pit.
 16201 | Lair:4   | Reached XP level 14. HP: 103/118 MP: 14/14
 18006 | Lair:5   | Reached skill level 1 in Crossbows
 18473 | Lair:6   | Entered Level 6 of the Lair of Beasts
 18684 | Lair:6   | Reached skill level 5 in Crossbows
 18712 | Lair:6   | Reached ****** piety under Makhleb
 19038 | Lair:6   | Found a transporter.
 19038 | Lair:6   | Noticed PeterLawrence's ghost (journeyman MiFi)
 19187 | Lair:6   | Found a staircase to the Slime Pits.
 19370 | Lair:6   | Noticed Nessos
 19399 | Lair:6   | Killed Nessos
 19474 | Lair:6   | Reached XP level 15. HP: 109/126 MP: 15/15
 19539 | Lair:6   | Found a transporter.
 19738 | Lair:6   | Reached skill level 10 in Crossbows
 20297 | Lair:6   | Got a tiger eye-encrusted leather armour
 20319 | Lair:6   | Identified the cursed +0 leather armour "Udunt" {Slay+2}
                  | (You found it on level 6 of the Lair of Beasts)
 20557 | D:8      | Killed SamuraiZach's ghost
 20833 | D:11     | Found Oxto's Book Shoppe.
 21130 | D:11     | Found a staircase to the Orcish Mines.
 21876 | D:8      | Bought a +4 ring of evasion for 468 gold pieces
 23195 | Orc:1    | Entered Level 1 of the Orcish Mines
 23763 | Orc:1    | Found a transporter.
 23768 | Orc:1    | Noticed an orc warlord
 23894 | Orc:1    | Found a roughly hewn altar of Beogh.
 23977 | Orc:1    | Found a roughly hewn altar of Beogh.
 23977 | Orc:1    | Found a transporter.
 24124 | Orc:2    | Entered Level 2 of the Orcish Mines
 24124 | Orc:2    | Found a roughly hewn altar of Beogh.
 24198 | Orc:2    | Noticed an orc warlord
 24372 | Orc:1    | Killed an orc warlord
 24566 | Orc:2    | Found a staircase to the Elven Halls.
 24678 | Orc:2    | Noticed an orc warlord
 24706 | Orc:1    | Reached XP level 16. HP: 133/133 MP: 16/16
 25701 | Orc:1    | HP: 1/132 [orc priest/divine providence (15)]
 26513 | Orc:2    | Found Nawiv's General Store.
 26552 | Orc:2    | Found Asy Cok's Antique Armour Shoppe.
 26552 | Orc:2    | Found Gaelef's Antique Weapon Emporium.
 26554 | Orc:2    | Found Ypluguh's Jewellery Shoppe.
 26568 | Orc:2    | Bought a tower shield for 139 gold pieces
 26568 | Orc:2    | Bought a pair of boots for 139 gold pieces
 26853 | D:13     | Found a gate to the Vaults.
 26948 | D:13     | Found a flagged portal.
 26961 | Bailey   | Entered a bailey
 27703 | D:13     | Reached skill level 15 in Crossbows
 27704 | D:13     | Noticed Azrael
 27714 | D:13     | Killed Azrael
 27805 | D:13     | Reached skill level 10 in Shields
 27828 | D:13     | Found a portal to a secret trove of treasure.
 27906 | D:13     | Identified the Almanac of Unholy Calling
 29153 | D:14     | You fall into a shaft and drop 1 floor!
 29153 | D:15     | Entered Level 15 of the Dungeon
 30025 | D:15     | Noticed Josephine
 30035 | D:15     | Killed Josephine
 30115 | D:15     | Reached XP level 17. HP: 139/139 MP: 17/17
 30146 | D:15     | Noticed Louise
 30167 | D:15     | Killed Louise
 30508 | D:15     | Found a staircase to the Depths.
 30888 | Snake:1  | Entered Level 1 of the Snake Pit
 31260 | Snake:1  | Found Faaplyc's Antique Weapon Emporium.
 31281 | Snake:1  | Found Qixecoaq's Magic Scroll Shoppe.
 31283 | Snake:1  | Found Woytew's Armour Emporium.
 31375 | Snake:1  | You fall into a shaft and drop 1 floor!
 31378 | Snake:2  | You fall into a shaft and drop 1 floor!
 33976 | Snake:2  | Found Ted Nyfe's Book Boutique.
 34965 | Snake:3  | Identified a scroll of acquirement
 34965 | Snake:3  | Acquired the +5 crystal plate armour "Nifed" {rF+}
 35089 | Snake:3  | Found Nounag's General Store.
 35098 | Snake:3  | Found Wipneap's Distillery.
 35098 | Snake:3  | Found Fakhlaxi's Assorted Antiques.
 35101 | Snake:3  | Found Uplev's Magic Scroll Shoppe.
 35124 | Snake:3  | Bought a scroll of enchant armour for 127 gold pieces
 35131 | Snake:3  | Bought a potion of heal wounds for 65 gold pieces
 35131 | Snake:3  | Bought a potion of curing for 39 gold pieces
 35131 | Snake:3  | Bought a potion of curing for 39 gold pieces
 35172 | Snake:3  | Reached XP level 18. HP: 128/146 MP: 18/18
 36300 | Snake:4  | Entered Level 4 of the Snake Pit
 36866 | Snake:4  | Reached skill level 15 in Shields
 37525 | Snake:4  | Reached skill level 15 in Fighting
 37729 | Snake:4  | Got a serpentine rune of Zot
 37793 | Snake:4  | Reached skill level 10 in Armour
 37856 | Snake:4  | Reached XP level 19. HP: 149/155 MP: 19/19
 38912 | D:13     | You paid a toll of 4 scrolls of fear to enter a treasure
                  | trove
 38913 | Trove    | Entered a treasure trove
 39167 | Elf:1    | Entered Level 1 of the Elven Halls
 39454 | Elf:1    | Reached skill level 10 in Dodging
 40369 | Elf:1    | Identified the Grimoire of Arcane Weapons and the Escort
 40450 | Elf:1    | Found Hohirr's Jewellery Shoppe.
 40450 | Elf:1    | Found Fadob's Gadget Shop.
 40453 | Elf:1    | Found Ystooro's Jewellery Shoppe.
 40735 | Elf:2    | Cast into level 2 of the Abyss (a deep elf sorcerer)
 40846 | Abyss:2  | Gained mutation: Your body sometimes deteriorates upon
                  | taking damage. [a neqoxec]
 40874 | Abyss:2  | Noticed a lich
 40889 | Abyss:2  | Killed a lich
 40934 | Abyss:2  | Gained mutation: Armour fits poorly on your strangely
                  | shaped body. [a neqoxec]
 40950 | Abyss:2  | Gained mutation: Your magical capacity is low. (-10% MP) [a
                  | neqoxec]
 40992 | Abyss:2  | Found a basalt altar of Yredelemnul.
 41344 | Elf:2    | Escaped the Abyss
 41378 | Elf:1    | Lost mutation: Your body often deteriorates upon taking
                  | damage. [potion of mutation]
 41378 | Elf:1    | Lost mutation: Armour fits poorly on your strangely shaped
                  | body. [potion of mutation]
 41378 | Elf:1    | Gained mutation: Potions are less effective at restoring
                  | your health. [potion of mutation]
 41378 | Elf:1    | Gained mutation: Your natural rate of healing is unusually
                  | fast. [potion of mutation]
 41378 | Elf:1    | Gained mutation: Your system is resistant to poisons.
                  | (rPois) [potion of mutation]
 41527 | Elf:2    | Reached XP level 20. HP: 167/167 MP: 18/18
 41561 | Elf:2    | Found a runed translucent door.
 41599 | Elf:2    | Found a runed translucent door.
 41948 | Elf:1    | Bought the ring of Qefohopo {rElec rPois Str+10 Int-3
                  | Slay+4} for 2152 gold pieces
 42714 | Shoals:1 | Entered Level 1 of the Shoals
 42731 | Shoals:1 | Upgraded the game from 0.27-a0-203-gd48b2df3c9 to
                  | 0.27-a0-216-g1fbed8a51c
 43539 | Shoals:2 | Noticed Ilsuiw
 43565 | Shoals:2 | Killed Ilsuiw
 44764 | Shoals:4 | Entered Level 4 of the Shoals
 44784 | Shoals:3 | Reached XP level 21. HP: 177/177 MP: 18/18
 45517 | Shoals:4 | Killed from afar by a water nymph

Illustrated notes

Levels and vault maps discovered:
D:1:      psy_arrival_whirlpool, layout_loops_ring
D:2:      layout_rooms, okawaru_altar_gauntlet_db, uniq_natasha,
          uniq_crazy_yiuf_cottage
D:3:      layout_loops_corners, grunt_temple_overflow_open, uniq_jessica
D:4:      layout_basic, bloody_trog, kennysheep_slug_shrine
D:5:      layout_rooms, lemuel_round_altar, portal_sewer_entry_e,
          hangedman_abyss_or_decor_lesser_grid, nicolae_dithmenos_the_darkroom
D:6:      layout_rooms, pdpol_wu_jian_five_deadly_venoms,
          minmay_temple_entry_glass, minmay_guarded_unrand_staff_of_olgreb
D:7:      layout_basic, grunt_temple_overflow_order_and_chaos_1,
          old_standard_altar
D:8:      layout_cave_pools, serial_shops, shop, gammafunk_ghost_smash,
          uniq_joseph
D:9:      layout_roguey, nicolae_gozag_cash_rules_everything_around_me,
          grunt_lair_entry_orc_guard_hut, roderic_serpentine_path,
          kennysheep_generic_room_15
D:10:     layout_loops_ring, serial_shops, nicolae_shop_stone,
          minmay_gold_behind_fungi, lemuel_flame_loot_1, uniq_erica, uniq_grum,
          uniq_erolcha
D:11:     layout_basic, erik_orc_3, serial_shops, shop, minmay_misc_feat_iff
D:12:     layout_grid_maze
D:13:     minmay_stepped, layout_rooms, erik_vaults_1, enter_bailey_3,
          nicolae_trove_entry_columns, grunt_ministairs_9, uniq_azrael
D:14:     wander_river, layout_stronghold, minivault_4, nicolae_wwwww
D:15:     hangedman_depths_entry_try_elsewhere_first, layout_cave_pools,
          hangedman_decor_push, serial_bayou_pond_e, uniq_louise, uniq_josephine
Temple:   corrupted_temple
Lair:1:   layout_hall_layers, portal_ice_cave_entry_pillars_1,
          chequers_serial_rivers_small_3, pond, infiniplex_staircase_pool
Lair:2:   layout_roguey, minmay_shoals_entry_centaurs
Lair:3:   layout_loops_ring, gauntlet_entry_generic, uniq_gastronok
Lair:4:   layout_loops_ring, minmay_snake_entry_guardpost_small,
          grunt_megastairs_3
Lair:5:   layout_cave_pods, chequers_serial_rivers_small_a
Lair:6:   minmay_lair_end_frog_pond, layout_concentric_octagons,
          minmay_slime_entry_oklob_enclosed, gammafunk_ghost_arena, uniq_nessos
Shoals:1: layout_shoals, nicolae_shoals_dead_sea_scrolls
Shoals:2: layout_shoals, centaur_isle, uniq_ilsuiw
Shoals:3: layout_shoals, abandoned_shop, nicolae_shoals_arrival_archipelago
Shoals:4: shoals_end_simple, layout_shoals, nzn_prometheus_bound
Snake:1:  layout_layer_cave, minmay_shop_star
Snake:2:  layout_chambers, serial_shops, shop_statue, grunt_megastairs_2
Snake:3:  layout_onion, minmay_shoptagon, lemuel_fruit_tree, grunt_megastairs_5
Snake:4:  johnstein_snake_rune_scales, layout_basic
Orc:1:    gammafunk_beogh_shrine, layout_caves, roderic_batcave,
          minmay_orc_temple_b
Orc:2:    st_orc_congregation, layout_caves, basic_altar
Elf:1:    layout_gridlike, minmay_elf_sorcery,
          hangedman_elven_crosses_minicolossus, minmay_shop_grove
Elf:2:    layout_rooms

Skill      XL: |  1  2  3  4  5  6  7  8  9 10 11 12 13 14 15 16 17 18 19 20 21 |
---------------+----------------------------------------------------------------+-----
Shields        | 4 5 6 8 9 10 13 15 | 15.0
Staves         | 3 4 5 7 8 11 13 14 | 14.0
Fighting       | 7 10 13 14 15 16 18 | 18.0
Dodging        | 3 5 7 9 10 12 13 | 13.0
Armour         | 5 7 9 10 11 13 14 | 14.2
Crossbows      | 8 13 15 17 18 | 18.0

Action                   |  1- 3 |  4- 6 |  7- 9 | 10-12 | 13-15 | 16-18 | 19-21 || total
-------------------------+-------+-------+-------+-------+-------+-------+-------++-------
Melee: Quarterstaff      |    67 |   136 |   561 |  1013 |  2438 |  2244 |  1432 ||  7891
 Fire: Arbalest          |       |       |       |       |       |    59 |   223 ||   282
 Abil: Dig               |       |     5 |     7 |    14 |    34 |    21 |     8 ||    89
       Shaft Self        |       |       |     1 |       |       |     2 |       ||     3
Evoke: Wand              |       |       |       |     4 |       |       |       ||     4
  Use: Scroll            |     6 |     4 |     6 |     6 |     7 |    17 |     2 ||    48
       Potion            |       |       |       |     4 |     7 |     6 |     1 ||    18
 Stab: Petrified         |       |       |       |       |     6 |       |       ||     6
       Petrifying        |       |       |       |       |     1 |       |       ||     1
Armor: Scale mail        |    29 |    15 |       |       |       |       |       ||    44
       Chain mail        |       |    15 |   163 |    74 |   318 |    83 |       ||   653
       Plate armour      |       |       |       |    97 |    19 |       |       ||   116
       Crystal plate arm |       |       |       |       |       |   353 |   292 ||   645
Dodge: Dodged            |    17 |    30 |    97 |   148 |   488 |   444 |   300 ||  1524
Block: Kite shield       |    50 |    80 |   249 |   512 |  1515 |   312 |       ||  2718
       Reflection        |       |       |       |    18 |    14 |   194 |   183 ||   409
       Tower shield      |       |       |       |       |       |  1814 |  1329 ||  3143

Table legend: (Time is in decaauts)
 A = Elapsed time spent in this place.
 B = Non-inter-level travel time spent in this place.
 C = Inter-level travel time spent in this place.
 D = Time resting spent in this place.
 E = Time spent auto-exploring this place.
 F = Levels seen in this place.
 G = Mean time per level.
                   A        B        C        D        E       F      G
               +--------+--------+--------+--------+--------+-----+--------+
         Total |  43184 |  40101 |   3083 |  10178 |  18468 |  40 | 1079.6 |
       Dungeon |  16310 |  14667 |   1643 |   3705 |   7379 |  15 | 1087.3 |
        Temple |     70 |     45 |     25 |      0 |     36 |   1 |   70.0 |
          Lair |   7739 |   6895 |    844 |   1264 |   3547 |   6 | 1289.8 |
        Shoals |   2923 |   2861 |     62 |    107 |   1746 |   4 |  730.8 |
     Snake Pit |   7318 |   7104 |    214 |   2455 |   2888 |   4 | 1829.5 |
  Orcish Mines |   3480 |   3400 |     80 |   1509 |    843 |   2 | 1740.0 |
   Elven Halls |   2275 |   2063 |    212 |    280 |   1008 |   2 | 1137.5 |
         Abyss |    507 |    507 |      0 |      0 |    251 |   1 |  507.0 |
         Trove |     51 |     51 |      0 |      0 |     23 |   1 |   51.0 |
         Sewer |    369 |    369 |      0 |      0 |    157 |   1 |  369.0 |
        Bailey |    656 |    656 |      0 |    100 |    243 |   1 |  656.0 |
      Ice Cave |    194 |    194 |      0 |    115 |     18 |   1 |  194.0 |
      Gauntlet |   1284 |   1284 |      0 |    643 |    328 |   1 | 1284.0 |
               +--------+--------+--------+--------+--------+-----+--------+

Top non-repeatable levels by time:
 Snake:3: 2294 daAuts
   Orc:1: 2281 daAuts
 Snake:4: 1912 daAuts
 Snake:2: 1798 daAuts
  Lair:1: 1684 daAuts
    D:13: 1584 daAuts
  Lair:6: 1552 daAuts
   Elf:1: 1391 daAuts
     D:8: 1346 daAuts
    D:12: 1322 daAuts
 Snake:1: 1312 daAuts
  Lair:5: 1311 daAuts
Gauntlet: 1284 daAuts
     D:2: 1229 daAuts
    D:10: 1202 daAuts
